 Dungeon Crawl Stone Soup version 0.30-a0-358-g0d69a1922f (webtiles) character file.

Game seed: 3152296772825068068

112 snetch the Magician (level 5, 0/35 HPs)
             Began as a Djinni Fire Elementalist on Nov 8, 2022.
             Was a High Priest of Ignis.
             Slain by a gnoll
             ... wielding a +0 whip
             ... led by a gnoll bouda
              (6 damage)
             ... on level 4 of the Dungeon.
             The game lasted 00:08:03 (1835 turns).

snetch the Magician (Djinni Fire Elementalist)      Turns: 1835, Time: 00:08:04

Health: 0/35       AC:  3    Str:  7    XL:     5   Next: 16%
Gold:   160        EV: 12    Int: 18    God:    Ignis [*****.] SH:  0 Dex: 14

rFire   + + +      SeeInvis .    l - +0 dagger (venom)
rCold   x . .      Faith    .    (no shield)
rNeg    . . .      Spirit   .    j - +0 leather armour
rPois   ∞          Reflect  .    (no helmet)
rElec   .          Harm     .    (no cloak)
rCorr   .          Rampage  .    (no gloves)
Will    .....                    (boots unavailable)
Stlth   ++........               (no amulet)
HPRegen 0.25/turn                (no ring)
MPRegen 0.00/turn                (no ring)

@: wereblooded, flying
A: sickness immunity, fire resistance 2, cold vulnerability 1, float, innate
caster, HP casting, extra vitality 1
a: Renounce Religion, Fiery Armour, Foxfire Swarm, Rising Flame


You were on level 4 of the Dungeon.
You worshipped Ignis.
Ignis was extremely pleased with you.
You visited 1 branch of the dungeon, and saw 4 of its levels.

You collected 160 gold pieces.

Inventory:

Hand Weapons
 b - a +0 broad axe
 l - a +0 dagger of venom (weapon)
Missiles
 e - 4 stones
 h - 3 boomerangs
Armour
 a - a +0 robe
 c - a +0 ring mail
 j - a +0 leather armour (worn)
Scrolls
 f - 2 scrolls of identify {unknown}
 i - a scroll of teleportation {unknown}
 k - 3 scrolls of fog {unknown}
Potions
 d - a potion of brilliance {unknown}
 g - a potion of invisibility {unknown}


   Skills:
 + Level 0.1 Fighting
 + Level 0.7 Short Blades
 + Level 1.0 Armour
 + Level 2.5 Dodging
 + Level 1.8 Stealth
 + Level 3.7 Spellcasting


You couldn't memorise any spells.
You knew the following spells:

 Your Spells              Type           Power      Damage    Failure   Level
a - Foxfire               Conj/Fire      68%        2x1d7     4%          1
b - Scorch                Fire           34%        2d7       7%          2
c - Kindle Blastsparks    Fire/Tloc/Air  34%        2d12      14%         3
d - Inner Flame           Hex/Fire       17%        N/A       14%         3
e - Flame Wave            Conj/Fire      17%        2d7       43%         4
f - Summon Small Mammal   Summ           68%        N/A       4%          1
g - Wereblood             Tmut           17%        N/A       7%          2
Your spell library was empty.

Dungeon Overview and Level Annotations

Branches:
Dungeon (4/15)
 Temple: D:4-7

Altars:
Uskayaw
Ignis


Innate Abilities, Weirdness & Mutations

You are immune to sickness and miasma.
You are immune to poison.
Your flesh is very heat resistant. (rF++)
You are vulnerable to cold. (rC-)
You float through the air rather than walking.
You learn spells naturally, not from books.
Your magical power is your life essence.
You have superior vitality. (+4 MHP)


Message History

Confirm with . or Enter, or press ? or * to list all spells.
Flames lash the adder.
The adder is burned terribly!
You feel a bit better.
You kill the adder!
Your quokka closely misses the hound.
The gnoll completely misses you. x2
A gnoll bouda comes into view. It is wielding a +0 club.
The hound closely misses you.
Your quokka bites the hound.
Casting: Scorch (safe; 7% risk of failure)
Confirm with . or Enter, or press ? or * to list all spells.
Flames lash the gnoll.
The gnoll is heavily wounded.
The gnoll's fire resistance burns away.
You hear a shout! x2
The hound barely misses you.
Your quokka bites the hound but does no damage.
Your quokka closely misses the hound.
The gnoll misses you. The gnoll closely misses you. The hound bites you.
Your quokka bites the hound.
Casting: Scorch (safe; 7% risk of failure)
Confirm with . or Enter, or press ? or * to list all spells.
Flames lash the goblin.
You kill the goblin!
* * * LOW HITPOINT WARNING * * *
You howl as the wereblood boils in your veins!
The hound is no longer more vulnerable to fire.
Your quokka bites the hound.
A gnoll comes into view. It is wielding a +0 spear.
The gnoll barely misses you. The gnoll hits you with a +0 club.
* * * LOW HITPOINT WARNING * * *
The hound bites you.
* * * LOW HITPOINT WARNING * * *
Your quokka misses the hound.
Your quokka barely misses the hound.
You hit the gnoll.
The gnoll is poisoned.
The gnoll is severely wounded.
You howl as the wereblood boils in your veins!
The hound closely misses you.
The gnoll bouda barks out a call to the hunt!
The gnolls pick up the pace!
The gnoll closely misses you.
A gnoll comes into view. It is wielding a +0 club.
The gnoll barely misses you. The gnoll hits you with a +0 whip.
You die... #.# #.# .$# #.# #.# #(# #[##### #@....# ..gggggghr..#

.......)r...#
.#.##.#.....#
# ..........
##.##.######
# ##


You could see a gnoll bouda, a hound (ally target), 5 gnolls and 2 friendly
quokkas.

Vanquished Creatures
  A howler monkey (D:3)
  An adder (D:4)
  2 worms
  3 orcs (D:3)
  4 endoplasms
  A giant cockroach (D:1)
  5 goblins
  4 hobgoblins
  6 jackals
  6 kobolds
  6 ball pythons
  5 frilled lizards
  2 rats
46 creatures vanquished.

Vanquished Creatures (collateral kills)
  2 ball pythons
  A hobgoblin (D:1)
  2 jackals (D:2)
  A frilled lizard (D:1)
  4 foxfires (D:2)
10 creatures vanquished.

Vanquished Creatures (others)
  94 foxfires
  A fungus (D:1)
  3 plants (D:2)
98 creatures vanquished.

Grand Total: 154 creatures vanquished

Notes
Turn   | Place    | Note
-------+----------+-------------------------------------------
     0 | D:1      | snetch the Djinni Fire Elementalist began the quest for the
                  | Orb.
     0 | D:1      | snetch set off with the following spells memorised:
                  | Foxfire, Scorch, Kindle Blastsparks, Inner Flame, Flame
                  | Wave.
     0 | D:1      | Reached XP level 1. HP: 15/15 MP: 0/0
   137 | D:1      | Reached XP level 2. HP: 15/21 MP: 0/0
   326 | D:2      | Reached skill level 3 in Spellcasting
   367 | D:3      | Reached XP level 3. HP: 22/25 MP: 0/0
   367 | D:3      | Learned a level 1 spell: Summon Small Mammal
   499 | D:2      | Found a hide-covered altar of Uskayaw.
  1271 | D:2      | Reached XP level 4. HP: 5/31 MP: 0/0
  1494 | D:2      | Found a faded altar of an unknown god.
  1500 | D:2      | Prayed at the altar of an unknown god.
  1500 | D:2      | Became a worshipper of Ignis, the Dying Flame
  1822 | D:3      | Reached skill level 1 in Armour
  1822 | D:3      | Reached XP level 5. HP: 30/35 MP: 0/0
  1822 | D:3      | Learned a level 2 spell: Wereblood
  1835 | D:4      | Slain by a gnoll

Illustrated notes

Levels and vault maps discovered:
D:1:      dpeg_cavernosity, layout_basic, kennysheep_small_spiral
D:2:      layout_basic, ebering_ecumenical_altar_webs, basic_altar,
          kennysheep_boxes
D:3:      layout_rooms, minitemple, minmay_fractal_squares_diagonal_5
D:4:      layout_loops_ring, overflow_temple_1_default, sigmund_edmund_badplayer

Skill      XL: |  1  2  3  4 |
---------------+-------------+-----
Spellcasting   | 3 |  3.7
Armour         | 1 |  1.0
Fighting       | |  0.1
Short Blades   | |  0.7
Dodging        | |  2.5
Stealth        | |  1.8

Action                   |  1- 3 |  4- 6 || total
-------------------------+-------+-------++-------
Melee: Dagger            |     8 |     3 ||    11
 Cast: Foxfire           |    38 |    19 ||    57
       Scorch            |    17 |     7 ||    24
       Summon Small Mamm |    13 |     2 ||    15
       Wereblood         |       |     1 ||     1
Armor: Leather armour    |     3 |     4 ||     7
Dodge: Dodged            |     9 |    23 ||    32

Table legend: (Time is in decaauts)
 A = Elapsed time spent in this place.
 B = Non-inter-level travel time spent in this place.
 C = Inter-level travel time spent in this place.
 D = Time resting spent in this place.
 E = Time spent auto-exploring this place.
 F = Levels seen in this place.
 G = Mean time per level.
                   A        B        C        D        E       F      G
               +--------+--------+--------+--------+--------+-----+--------+
         Total |   1835 |   1737 |     98 |      0 |   1234 |   4 |  458.8 |
       Dungeon |   1835 |   1737 |     98 |      0 |   1234 |   4 |  458.8 |
               +--------+--------+--------+--------+--------+-----+--------+

Top non-repeatable levels by time:
     D:1: 981 daAuts
     D:2: 720 daAuts
     D:3: 116 daAuts
     D:4: 16 daAuts
